 Dungeon Crawl Stone Soup version 0.22.0-38-g04b72b8c25 (webtiles) character file.

1040 Bapho the Fighter (level 8, -5/92 HPs)
             Began as an Ogre Berserker on Aug 9, 2018.
             Was a Priest of Trog.
             Shot with a sling bullet by Joseph (15 damage)
             ... while paralysed
             ... on level 7 of the Dungeon on Aug 25, 2018.
             The game lasted 00:16:18 (5652 turns).

Bapho the Fighter (Ogre Berserker)                  Turns: 5652, Time: 00:16:19

Health: -5/92      AC:  6    Str: 24    XL:     8   Next: 24%
Magic:  8/8        EV:  1    Int:  8    God:    Trog [***...]
Gold:   297        SH:  0    Dex:  8    Spells: 7/7 levels left

rFire    . . .     SeeInvis .   z - +0 morningstar
rCold    . . .     Gourm    .   (no shield)
rNeg     . . .     Faith    .   p - +0 robe
rPois    .         Spirit   .   (helmet restricted)
rElec    .         Reflect  .   v - +2 cloak
rCorr    .         Harm     .   (gloves unavailable)
MR       ++...                  (boots unavailable)
Stlth    +.........             (no amulet)
HPRegen  1.25/turn              (no ring)
MPRegen  0.11/turn              (no ring)

@: paralysed, lethally poisoned (-5 -> -5), berserk cooldown, regenerating,
slowed
A: large, unfitting armour, tough skin 1
a: Berserk, Trog's Hand, Renounce Religion


You were on level 7 of the Dungeon.
You worshipped Trog.
Trog was most pleased with you.
You were near starving.

You visited 2 branches of the dungeon, and saw 7 of its levels.
You also visited: Sewer.

You collected 297 gold pieces.

Inventory:

Hand Weapons
 a - a +0 mace
 q - a +0 flail
 z - a +0 morningstar (weapon)
Missiles
 d - 153 stones (quivered)
Armour
 b - a +0 animal skin
 p - a +0 robe (worn)
 v - a +2 cloak (worn)
Jewellery
 h - an uncursed ring of wizardry {unknown}
 r - an uncursed amulet of magic regeneration {unknown}
 y - a cursed -3 ring of intelligence {unknown}
 B - an uncursed ring of resist corrosion {unknown}
Wands
 u - a wand of flame (41)
 C - a wand of disintegration (15)
Scrolls
 f - 2 scrolls of noise
 j - a scroll of magic mapping
 k - a scroll of immolation {unknown}
 l - 2 scrolls of teleportation
 n - a scroll of remove curse {unknown}
 s - a scroll of fog {unknown}
 t - a scroll of blinking {unknown}
 w - a scroll of fear {unknown}
 E - a scroll of enchant weapon {unknown}
 F - a scroll of amnesia {unknown}
Potions
 e - 3 potions of degeneration
 g - a potion of agility {unknown}
 i - 2 potions of lignification {unknown}
 m - 3 potions of curing {unknown}
 o - 2 potions of berserk rage {unknown}
 x - a potion of brilliance {unknown}
 A - 2 potions of flight {unknown}
 D - a potion of mutation {unknown}
Comestibles
 c - 8 rations


   Skills:
 + Level 9.3 Fighting
 + Level 6.8 Maces & Flails
 - Level 2.6 Dodging


You had 7 spell levels left.
You didn't know any spells.
Your spell library was empty.

Dungeon Overview and Level Annotations

Branches:
Dungeon (5/15)             Temple (1/1) D:5

Altars:
Dithmenos
Gozag
Hepliaklqana
Ru
Uskayaw
Xom
The Shining One

Annotations:
D:7 Joseph


Innate Abilities, Weirdness & Mutations

You are too large for most types of armour.
You have tough skin. (AC +1)


Message History

You are no longer berserk.
You pass out from exhaustion.
You feel yourself slow down.
You feel sick. The worker ant bites you. Something hits you but does no damage.
The orc hits you with a short sword! The ice beast hits you.
The ice beast freezes you!
* * * LOW HITPOINT WARNING * * *
Joseph smiles happily.
The worker ant bites you but does no damage.
Something hits you.
* * * LOW HITPOINT WARNING * * *
The orc hits you with a short sword.
* * * LOW HITPOINT WARNING * * *
The ice beast hits you.
* * * LOW HITPOINT WARNING * * *
The ice beast freezes you!
* * * LOW HITPOINT WARNING * * *
You feel sick.
The worker ant bites you but does no damage.
Joseph shoots a sling bullet.
The sling bullet hits you!
You die...

........#
........#
........#
.........
........#
........#
......@o#
#..[..a{#
##...rY@#
##...o.#
#....##
#...#
####


You could see Joseph, an ice beast, a worker ant, 2 orcs and a quokka.

Vanquished Creatures
  An orc warrior (D:7)
  A sky beast (D:5)
  A phantom (D:4)
  A big kobold (Sewer)
  A bullfrog (D:2)
  A crimson imp (D:5)
  3 hounds
  3 orc priests
  Crazy Yiuf (D:3)
  An orc wizard (D:4)
  Jessica (D:2)
  Natasha (thrice) (D:3)
  2 worker ants (D:4)
  A hound zombie (D:5)
  An adder (D:5)
  3 gnolls
  2 river rats (Sewer)
  An ooze (D:4)
  An adder skeleton (D:4)
  3 worms
  A dart slug (D:1)
  2 leopard geckos
  29 orcs
  8 giant cockroaches
  6 goblins
  4 hobgoblins
  11 jackals
  13 kobolds
  A ball python (D:4)
  4 bats
  6 frilled lizards
  A jackal zombie (D:5)
  14 rats
132 creatures vanquished.

Notes
Turn   | Place    | Note
-------+----------+-------------------------------------------
     0 | D:1      | Bapho the Ogre Berserker began the quest for the Orb.
     0 | D:1      | Reached XP level 1. HP: 24/24 MP: 1/1
    62 | D:1      | Reached XP level 2. HP: 22/32 MP: 2/2
   323 | D:1      | You fall through a shaft!
   515 | D:1      | Reached XP level 3. HP: 24/40 MP: 3/3
  1105 | D:1      | Reached ** piety under Trog
  1502 | D:2      | Reached XP level 4. HP: 28/49 MP: 4/4
  1711 | D:2      | Found an opulent altar of Gozag.
  1955 | D:2      | Reached skill level 5 in Fighting
  1955 | D:2      | Noticed Jessica
  1956 | D:2      | Noticed a bullfrog
  1959 | D:2      | Killed Jessica
  1965 | D:2      | Killed a bullfrog
  1965 | D:2      | Reached XP level 5. HP: 46/59 MP: 5/5
  2494 | D:3      | Found a shimmering altar of Xom.
  2494 | D:3      | Found a sacrificial altar of Ru.
  2511 | D:3      | Reached skill level 6 in Fighting
  2673 | D:3      | Noticed Natasha
  2680 | D:3      | Killed Natasha
  2698 | D:3      | Noticed Natasha
  2713 | D:3      | Killed Natasha
  2713 | D:3      | Reached XP level 6. HP: 38/68 MP: 6/6
  2979 | D:3      | Noticed Natasha
  2985 | D:3      | Killed Natasha
  3052 | D:3      | Reached skill level 5 in Maces & Flails
  3361 | D:3      | Found a runed door.
  3365 | D:3      | Noticed Crazy Yiuf
  3372 | D:3      | Killed Crazy Yiuf
  3632 | D:4      | Noticed a phantom
  3675 | D:4      | Killed a phantom
  3675 | D:4      | Reached skill level 7 in Fighting
  4059 | D:4      | Reached XP level 7. HP: 78/78 MP: 7/7
  4089 | D:4      | Reached *** piety under Trog
  4471 | D:4      | Reached skill level 8 in Fighting
  4625 | D:4      | Found a hazy altar of Hepliaklqana.
  4649 | D:4      | Upgraded the game from 0.22-b1-59-g0aedee734a to 0.22.0-38-g04b72b8c25
  4666 | D:5      | Entered Level 5 of the Dungeon
  4716 | D:5      | Found a staircase to the Ecumenical Temple.
  4732 | Temple   | Entered the Ecumenical Temple
  5111 | D:5      | Reached XP level 8. HP: 73/89 MP: 8/8
  5208 | D:5      | Found a glowing drain.
  5212 | Sewer    | Entered a sewer
  5321 | Sewer    | Reached skill level 9 in Fighting
  5538 | Sewer    | Found a white marble altar of Elyvilon.
  5633 | D:5      | You fall through a shaft for 2 floors!
  5639 | D:7      | Noticed Joseph
  5652 | D:7      | Shot with a sling bullet by Joseph

Skill      XL: |  1  2  3  4  5  6  7  8 |
---------------+-------------------------+-----
Maces & Flails | 3 4 5 6 |  6.8
Fighting       | 5 6 7 8 9 |  9.3
Dodging        | |  2.6

Action                   |  1- 3 |  4- 6 |  7- 9 || total
-------------------------+-------+-------+-------++-------
Melee: Mace              |   102 |    33 |       ||   135
       Flail             |       |   113 |       ||   113
       Morningstar       |       |     1 |   143 ||   144
Throw: Stone             |     7 |   109 |    50 ||   166
Invok: Berserk           |     2 |     4 |     4 ||    10
       Trog's Hand       |       |       |     1 ||     1
  Use: Scroll            |       |       |     4 ||     4
  Eat: Chunk             |     4 |    12 |     7 ||    23
Armor: Animal skin       |    43 |     6 |       ||    49
       Robe              |       |    29 |    54 ||    83
Dodge: Dodged            |    55 |    74 |    63 ||   192
